[Event "Titled Tuesday Blitz October 18 Late 2022"]
[White "Kravtsiv, Martyn"]
[Black "Kanakaris, Georgios"]
[WhiteFideId "14113147"]
[BlackFideId "4209460"]
[WhiteElo "2694"]
[BlackElo "2291"]
[Result "0-1"]
[Round "05"]
[TimeControl "180+1"]
[Date "2022.10.18"]
[WhiteClock "0:00:01"]
[BlackClock "0:00:22"]

1. e4 e6 2. d4 d5 3. e5 c5 4. c3 Ne7 5. Nf3 Nec6 6. a3 a5 7. Bd3 b6 8. O-O Ba6 9. Be3 Bxd3 10. Qxd3 c4 11. Qe2 b5 12. Ne1 Nd7 13. f4 g6 14. h3 h5 15. g3 Be7 16. Ng2 Qb6 17. Nd2 Qb7 18. Rab1 Nb6 19. g4 hxg4 20. hxg4 Na4 21. f5 gxf5 22. gxf5 Kd7 23. fxe6+ fxe6 24. Rf7 Rag8 25. Rbf1 Nd8 26. Rxe7+ Kxe7 27. Qf3 Nxb2 28. Bg5+ Kd7 29. Qf6 Kc8 30. Nf3 Rf8 31. Qg6 Rhg8 32. Qh6 Qg7 33. Qxg7 Rxg7 34. Bh6 Rgf7 35. Bxf8 Rxf8 36. Ne3 Nd3 37. Nh4 Rg8+ 38. Kh2 b4 39. axb4 axb4 40. cxb4 Nxb4 41. Nhg2 Nd3 42. Nf4 Nxf4 43. Rxf4 Kd7 44. Nc2 Ke7 45. Rh4 Rg7 46. Nb4 Kd7 47. Rh8 Nc6 48. Nxc6 Kxc6 49. Rd8 Rg6 50. Rd6+ Kb5 51. Rd8 c3 52. Rc8 Kb4 53. Rc6 Kb3 54. Kh3 c2 0-1


[Site "https://www.chess.com"]

[Event "Titled Tuesday Blitz October 18 Late 2022"]
[White "Li, Ruifeng"]
[Black "Bortnyk, Olexandr"]
[WhiteFideId "2061074"]
[BlackFideId "14120828"]
[WhiteElo "2441"]
[BlackElo "2723"]
[Result "0-1"]
[Round "05"]
[TimeControl "180+1"]
[Date "2022.10.18"]
[WhiteClock "0:00:37"]
[BlackClock "0:01:50"]

1. b3 d5 2. Bb2 Bf5 3. d3 e6 4. g3 Nf6 5. Bg2 h6 6. Nd2 Bh7 7. e4 Be7 8. Ne2 c6 9. O-O O-O 10. e5 Nfd7 11. Nf4 a5 12. a3 a4 13. b4 c5 14. c4 d4 15. Re1 Nc6 16. Nf3 cxb4 17. Nxd4 Nxd4 18. Bxd4 Nc5 19. Bxc5 Bxc5 20. axb4 Bxb4 21. Bxb7 Ra7 22. Bc6 Bxe1 23. Qxe1 a3 24. Qc3 Qa5 25. Qxa5 Rxa5 26. Bb5 g5 27. Nh5 Bxd3 28. Nf6+ Kg7 29. f4 Rc8 30. Kf2 Bxc4 31. Bxc4 Rxc4 32. Rd1 Rc8 0-1


[Site "https://www.chess.com"]

[Event "Titled Tuesday Blitz October 18 Late 2022"]
[White "Lizak, Peter"]
[Black "Lorenzo De La Riva, Lazaro"]
[WhiteFideId "731595"]
[BlackFideId "2268809"]
[WhiteElo "2722"]
[BlackElo "2411"]
[Result "1-0"]
[Round "05"]
[TimeControl "180+1"]
[Date "2022.10.19"]
[WhiteClock "0:00:54"]
[BlackClock "0:00:14"]

1. d4 d5 2. Nc3 Nf6 3. Bf4 e6 4. Nb5 Na6 5. a3 Be7 6. e3 O-O 7. Nf3 Nh5 8. Be5 f6 9. Bg3 c6 10. Nc3 Nxg3 11. hxg3 f5 12. Ne5 Bf6 13. Qh5 h6 14. g4 Bxe5 15. dxe5 Nc5 16. f4 Qe8 17. Qh4 Qg6 18. gxf5 Qxf5 19. O-O-O Qg6 20. g4 a5 21. Ne2 Ne4 22. Nd4 c5 23. Nb5 Bd7 24. Nd6 Nxd6 25. exd6 c4 26. Bg2 b5 27. f5 Qg5 28. Qxg5 hxg5 29. fxe6 Bxe6 30. Rxd5 Bxd5 31. Bxd5+ Rf7 32. Rf1 Rf8 33. d7 g6 34. Rxf7 Rxf7 35. d8=Q+ Kg7 36. Bxf7 1-0


[Site "https://www.chess.com"]

[Event "Titled Tuesday Blitz October 18 Late 2022"]
[White "Machidon, Cristi"]
[Black "Petrovic, Aleksa"]
[WhiteFideId "13904590"]
[BlackFideId "967629"]
[WhiteElo "2638"]
[BlackElo "2485"]
[Result "1-0"]
[Round "05"]
[TimeControl "180+1"]
[Date "2022.10.19"]
[WhiteClock "0:00:07"]
[BlackClock "0:00:04"]

1. Nf3 Nf6 2. g3 d5 3. Bg2 c6 4. d3 Bg4 5. O-O e6 6. Nbd2 Be7 7. e4 O-O 8. Qe1 Nbd7 9. e5 Ne8 10. h4 h6 11. a4 Qa5 12. c3 Qa6 13. d4 Bf5 14. Qe3 c5 15. Re1 Rc8 16. Bf1 Qa5 17. Bb5 Qd8 18. Kg2 a6 19. Bd3 cxd4 20. cxd4 Bxd3 21. Qxd3 Qc7 22. Nh2 Qc2 23. Qf3 Bb4 24. Nhf1 f6 25. Qg4 fxe5 26. Qxe6+ Kh8 27. Qxd7 Nf6 28. Qxb7 Rb8 29. Qxa6 Ng4 30. Re2 exd4 31. Qe6 d3 32. Qxg4 dxe2 33. Qxe2 d4 34. Qe4 Qd1 35. Nf3 Rbe8 36. Qb7 d3 37. Bxh6 Qxf3+ 38. Qxf3 Rxf3 39. Kxf3 gxh6 40. Rd1 Rd8 41. Ne3 Bc5 42. Ke4 d2 43. Nc4 Rd4+ 44. Ke5 Rxc4 45. Rxd2 Rxa4 46. Kd5 Bf8 47. Ke6 Ra6+ 48. Kf7 Bg7 49. Re2 Rf6+ 50. Ke7 Kg8 51. Kd7 Rf7+ 52. Kc6 Rf6+ 53. Kb5 Rf8 54. b4 Rb8+ 55. Kc4 Rc8+ 56. Kb3 Rb8 57. f4 Bf8 58. Re4 Kf7 59. g4 Rb6 60. Rc4 Re6 61. Ka4 Re1 62. Kb5 Rg1 63. f5 Rh1 64. h5 Kf6 65. Ka5 Kg5 66. b5 Ra1+ 67. Kb6 Bd6 68. Kc6 Bf4 69. b6 Kxg4 70. b7 Rb1 71. f6 Kf5 72. Rxf4+ Kxf4 73. f7 Rc1+ 74. Kd7 Rd1+ 75. Ke7 Re1+ 76. Kf6 Rf1 77. f8=Q Kg4+ 78. Kg7 Rxf8 79. Kxf8 Kxh5 80. b8=Q 1-0


[Site "https://www.chess.com"]

[Event "Titled Tuesday Blitz October 18 Late 2022"]
[White "Maksimovic, Bojan"]
[Black "Khumalo, Keith"]
[WhiteFideId "14408120"]
[BlackFideId "14319470"]
[WhiteElo "2447"]
[BlackElo "2056"]
[Result "1-0"]
[Round "05"]
[TimeControl "180+1"]
[Date "2022.10.18"]
[WhiteClock "0:00:03"]
[BlackClock "0:01:04"]

1. e4 c5 2. Nf3 d6 3. d4 cxd4 4. Nxd4 Nf6 5. Nc3 g6 6. Be3 Bg7 7. f3 O-O 8. Qd2 Nc6 9. g4 Be6 10. O-O-O Qa5 11. Kb1 Rac8 12. Nxe6 fxe6 13. Bc4 Nd8 14. Bb3 Nd7 15. f4 Bxc3 16. bxc3 Qxc3 17. f5 Qxd2 18. Rxd2 Ne5 19. Bxa7 Nc4 20. Rg2 b5 21. Bd4 e5 22. Be3 Kg7 23. Bc1 Nc6 24. h4 Nd4 25. h5 Rh8 26. Rgh2 gxf5 27. h6+ Kf7 28. exf5 Rhg8 29. Rg2 e6 30. fxe6+ Kxe6 31. g5 Rg6 32. Rf1 Rc7 33. Rf8 Rf7 34. Re8+ Kd7 35. Rh8 Kc6 36. a4 d5 37. axb5+ Kxb5 38. Rb8+ Kc5 39. Rc8+ Kb5 40. Rb8+ Kc6 41. Bxc4 dxc4 42. Ba3 Kd5 43. Kb2 Rc7 44. Kc3 Ra6 45. Rd8+ Ke4 46. Bb4 Nb5+ 47. Kd2 c3+ 48. Ke2 Ra2 49. Kf1 Rf7+ 50. Kg1 Nd4 51. Bxc3 Nf3+ 52. Kf2 Rxc2+ 53. Kg3 Rxc3 54. Re2+ Kf5 55. Rf2 Ke6 1-0


[Site "https://www.chess.com"]

[Event "Titled Tuesday Blitz October 18 Late 2022"]
[White "Malka, Samuel"]
[Black "Jimenez Jimenez, Leandro"]
[WhiteFideId "20643675"]
[BlackFideId "6415253"]
[WhiteElo "2458"]
[BlackElo "2217"]
[Result "1-0"]
[Round "05"]
[TimeControl "180+1"]
[Date "2022.10.19"]
[WhiteClock "0:00:10"]
[BlackClock "0:00:15"]

1. d4 d5 2. c4 dxc4 3. Nf3 Nf6 4. e3 a6 5. Bxc4 c5 6. O-O Nc6 7. Qe2 cxd4 8. exd4 e6 9. Nc3 Be7 10. Bg5 O-O 11. Rad1 Nb4 12. d5 exd5 13. a3 Qc7 14. Bb3 Nc6 15. Bxf6 Bxf6 16. Nxd5 Qd8 17. Bc2 Be6 18. Nf4 Qc8 19. Qd3 g6 20. Rfe1 Bf5 21. Qe2 Bxc2 22. Qxc2 Bg7 23. Nd5 Qd8 24. Qb3 Rb8 25. Ne7+ Qxe7 26. Rxe7 Nxe7 27. h4 Nf5 28. h5 Rfe8 29. hxg6 hxg6 30. Ng5 Re7 31. g3 Bf6 32. Nf3 Kg7 33. Kg2 Rbe8 34. Rd5 Re2 35. Rd2 Ne3+ 36. Kg1 Rxd2 37. Nxd2 Nf5 38. Nf3 Re7 39. Qb4 Rc7 40. Qf4 Rc2 41. b4 Ra2 42. g4 Ne7 43. g5 Bb2 44. Ne5 Nf5 45. Nd3 Ra1+ 46. Kg2 Bd4 47. Nc5 Ra2 48. Qc7 Rxf2+ 49. Kh1 Rf1+ 50. Kg2 Rf2+ 51. Kh1 Rf1+ 52. Kg2 Rg1+ 53. Kf3 Nh4+ 54. Ke4 Rg4+ 55. Kd5 Nf5 56. Ne6+ Kh7 57. Qxf7+ Bg7 58. Nxg7 Nxg7 59. Qf6 Rg3 60. a4 Rd3+ 61. Kc5 Nf5 62. Qf7+ Ng7 63. Qxb7 Rg3 64. Qe7 Rg4 65. Kb6 Rf4 66. Kxa6 Rf5 67. b5 Rf4 68. a5 Kg8 69. b6 Nf5 70. Qe8+ Kg7 71. Qd7+ Kg8 72. b7 Ng7 73. b8=Q+ Rf8 74. Qxf8+ Kxf8 75. Qxg7+ Kxg7 76. Kb7 Kf7 77. a6 Ke6 78. a7 Kf5 79. a8=Q Kxg5 80. Qa3 Kh5 81. Qc1 g5 82. Qg1 g4 83. Qg3 Kg5 84. Kc6 Kf5 85. Kd5 Kg5 86. Ke4 Kh5 87. Kf4 Kg6 88. Qxg4+ Kf6 89. Qf5+ Ke7 90. Qe5+ Kd7 91. Kf5 Kc6 92. Kf6 Kd7 93. Qe6+ Kc7 94. Ke5 Kb7 95. Qd6 Ka7 96. Qb4 Ka6 97. Kd6 Ka7 98. Kc7 Ka6 99. Qb6# 1-0


[Site "https://www.chess.com"]

[Event "Titled Tuesday Blitz October 18 Late 2022"]
[White "Marcolino, Daniel Mattos"]
[Black "Garrido, Denis"]
[WhiteFideId "2106841"]
[BlackFideId "601217"]
[WhiteElo "2044"]
[BlackElo "2214"]
[Result "1-0"]
[Round "05"]
[TimeControl "180+1"]
[Date "2022.10.19"]
[WhiteClock "0:00:02"]
[BlackClock "0:00:02"]

1. d4 Nf6 2. Nf3 c5 3. d5 d6 4. Nc3 g6 5. e4 Bg7 6. Be2 O-O 7. O-O Na6 8. h3 Nc7 9. a4 a6 10. a5 Rb8 11. Nd2 Bd7 12. Nc4 Bb5 13. Bf4 Bxc4 14. Bxc4 Nd7 15. Qd2 b5 16. axb6 Nxb6 17. Be2 Qd7 18. Bh6 Bxh6 19. Qxh6 e5 20. Bxa6 Nxa6 21. Rxa6 f5 22. Rfa1 Rb7 23. Qd2 Nc4 24. Qg5 Nxb2 25. exf5 Rxf5 26. Ra8+ Kg7 27. Qh4 Rf4 28. Qg5 h6 29. Qd8 Nc4 30. Qxd7+ Rxd7 31. R8a7 Rff7 32. Rxd7 Rxd7 33. f3 Rb7 34. Ne4 Rb6 35. Ra7+ Kg8 36. Rd7 Kf8 37. c3 Ke8 38. Rh7 Rb2 39. Rxh6 Kf7 40. Rh7+ Kg8 41. Rd7 Ne3 42. Rxd6 Rxg2+ 43. Kh1 Re2 44. Rxg6+ Kh7 45. Rg1 Nxd5 46. c4 Nf4 47. Ng5+ Kh6 48. h4 Kh5 49. Rg4 1-0


[Site "https://www.chess.com"]

[Event "Titled Tuesday Blitz October 18 Late 2022"]
[White "Martin Carmona, Gaston Manuel"]
[Black "Jimenez Fernandez, Rebeca"]
[WhiteFideId "22284567"]
[BlackFideId "32070934"]
[WhiteElo "2235"]
[BlackElo "1946"]
[Result "1-0"]
[Round "05"]
[TimeControl "180+1"]
[Date "2022.10.19"]
[WhiteClock "0:02:36"]
[BlackClock "0:02:26"]

1. d4 d5 2. c4 c6 3. Nc3 Nf6 4. Nf3 e6 5. e3 Be7 6. Bd3 dxc4 7. Bxc4 b5 8. Bd3 O-O 9. e4 a6 10. e5 Nd5 11. h4 Bb7 12. Bxh7+ Kxh7 13. Ng5+ Kg6 14. h5+ Kh6 15. Nxf7+ 1-0


[Site "https://www.chess.com"]

[Event "Titled Tuesday Blitz October 18 Late 2022"]
[White "Mazurkiewicz, Michal"]
[Black "Kowalysko, Roman"]
[WhiteFideId "1124943"]
[BlackFideId "30918510"]
[WhiteElo "2063"]
[BlackElo "2128"]
[Result "0-1"]
[Round "05"]
[TimeControl "180+1"]
[Date "2022.10.19"]
[WhiteClock "0:00:42"]
[BlackClock "0:00:52"]

1. e4 c5 2. Nf3 d6 3. g3 Nf6 4. d3 g6 5. Bg2 Bg7 6. O-O O-O 7. Re1 Nc6 8. e5 Nxe5 9. Nxe5 dxe5 10. Rxe5 Qc7 11. Bf4 Qb6 12. Nc3 Nh5 13. Rxh5 gxh5 14. Nd5 Qxb2 15. Rb1 Qxa2 16. Nxe7+ Kh8 17. Bd5 Qa6 18. Qxh5 Be6 19. Be4 f5 20. Bxb7 Qa2 21. Re1 Rab8 22. Bxb8 Rxb8 23. Bf3 Rb1 24. Kg2 Rxe1 25. Qe8+ Bg8 26. Bd5 Qxd5+ 27. Nxd5 Rxe8 0-1


[Site "https://www.chess.com"]

[Event "Titled Tuesday Blitz October 18 Late 2022"]
[White "Melkumyan, Hrant"]
[Black "Al-Tarboush, Ward"]
[WhiteFideId "13302485"]
[BlackFideId "7601450"]
[WhiteElo "2963"]
[BlackElo "2574"]
[Result "0-1"]
[Round "05"]
[TimeControl "180+1"]
[Date "2022.10.19"]
[WhiteClock "0:00:02"]
[BlackClock "0:00:21"]

1. Nf3 d5 2. e3 Nc6 3. d4 Bg4 4. c4 e6 5. Nc3 Nf6 6. h3 Bh5 7. Bd3 Bd6 8. O-O O-O 9. a3 dxc4 10. Bxc4 e5 11. Be2 exd4 12. exd4 h6 13. Be3 Re8 14. Rc1 Qd7 15. Re1 a6 16. b4 Rad8 17. d5 Ne7 18. Qd2 Nexd5 19. Nd4 Nxe3 20. fxe3 Bg6 21. Bf3 c6 22. Qf2 Qe7 23. Rcd1 Qe5 24. Kf1 Qh2 25. Re2 Nh5 26. Bxh5 Bxh5 27. Nf3 Qh1+ 0-1


[Site "https://www.chess.com"]

[Event "Titled Tuesday Blitz October 18 Late 2022"]
[White "Mihajlov, Sebastian"]
[Black "Fajdetic, Hrvoje"]
[WhiteFideId "1512110"]
[BlackFideId "14501945"]
[WhiteElo "2598"]
[BlackElo "2234"]
[Result "0-1"]
[Round "05"]
[TimeControl "180+1"]
[Date "2022.10.19"]
[WhiteClock "0:00:03"]
[BlackClock "0:00:29"]

1. d4 e6 2. c4 f5 3. Nc3 Nf6 4. e3 Bb4 5. Bd3 Bxc3+ 6. bxc3 b6 7. f3 Bb7 8. Ne2 c5 9. O-O O-O 10. Qc2 Nc6 11. Bd2 Rc8 12. e4 fxe4 13. fxe4 e5 14. d5 Na5 15. Ng3 Ba6 16. Bg5 Qe8 17. Nf5 Nb7 18. Qa4 Na5 19. Nd6 Qg6 20. Bxf6 Rxf6 21. Rxf6 Qxf6 22. Nxc8 Bxc8 23. Rf1 Qe7 24. Qc2 Ba6 25. Qe2 d6 26. g3 Qd7 27. Qf2 h6 28. Qf8+ Kh7 29. Rf7 Qg4 30. Be2 Qg5 31. Rxa7 Bxc4 32. Bxc4 Nxc4 33. Qf5+ Qxf5 34. exf5 Kg8 35. Kf2 Kf8 36. g4 Kg8 37. h4 Kf8 38. g5 hxg5 39. hxg5 e4 40. g6 b5 41. Rf7+ Kg8 42. Rb7 Kf8 0-1


[Site "https://www.chess.com"]

[Event "Titled Tuesday Blitz October 18 Late 2022"]
[White "Nakamura, Hikaru"]
[Black "Bok, Benjamin"]
[WhiteFideId "2016192"]
[BlackFideId "1017063"]
[WhiteElo "2909"]
[BlackElo "2658"]
[Result "1-0"]
[Round "05"]
[TimeControl "180+1"]
[Date "2022.10.18"]
[WhiteClock "0:00:35"]
[BlackClock "0:00:05"]

1. g4 d5 2. Bg2 e5 3. h3 c6 4. d3 Bd6 5. Nd2 h5 6. gxh5 Nf6 7. h6 Rxh6 8. e4 Be6 9. Ndf3 dxe4 10. dxe4 Rh8 11. Ng5 Qe7 12. Nxe6 Qxe6 13. h4 Nbd7 14. Bg5 O-O-O 15. Bh3 Qe7 16. Ne2 Kb8 17. Ng3 Nc5 18. Qf3 Ne6 19. Nf5 Nd4 20. Nxd4 exd4 21. Bxf6 gxf6 22. Bf5 Bb4+ 23. Kf1 Qe5 24. Rd1 d3 25. c3 Bc5 26. Rxd3 Rxd3 27. Qxd3 Rg8 28. Qf3 a6 29. h5 Qd6 30. Ke2 Ka7 31. h6 Rd8 32. h7 Qd2+ 33. Kf1 Rh8 34. b4 Bb6 35. a4 a5 36. bxa5 Bxa5 37. Qe3+ Qxe3 38. fxe3 Bxc3 39. Rg1 b5 40. axb5 cxb5 41. Rg8 Rxh7 42. Bxh7 1-0


[Site "https://www.chess.com"]

[Event "Titled Tuesday Blitz October 18 Late 2022"]
[White "Noboa Silva, Kevin"]
[Black "Ozen, Batuhan"]
[WhiteFideId "3618471"]
[BlackFideId "6345123"]
[WhiteElo "2178"]
[BlackElo "2406"]
[Result "1-0"]
[Round "05"]
[TimeControl "180+1"]
[Date "2022.10.19"]
[WhiteClock "0:01:07"]
[BlackClock "0:00:02"]

1. Nf3 c5 2. e4 Nc6 3. c3 d5 4. exd5 Qxd5 5. d4 Nf6 6. Be3 cxd4 7. cxd4 e6 8. Nc3 Bb4 9. Bd3 O-O 10. O-O Bxc3 11. bxc3 Qa5 12. c4 b6 13. Qe2 Bb7 14. Rac1 Rad8 15. Rfd1 Qh5 16. h3 h6 17. Bb1 e5 18. d5 e4 19. Nd4 Qxe2 20. Nxe2 Na5 21. Bd4 Ba6 22. Bxf6 gxf6 23. Ng3 Bxc4 24. d6 Be6 25. Bxe4 Bxa2 26. Nh5 Be6 27. Nxf6+ Kh8 28. Rc7 Nc4 29. d7 a5 30. Bd5 Ne5 31. Re1 Nxd7 32. Nxd7 Bxd7 33. Re7 Bf5 34. Bxf7 Rc8 35. Rb7 Rb8 36. Bd5 Rxb7 37. Rxb7 a4 38. Rxb6 Bc2 39. Ra6 Rb8 40. g4 Bb3 41. Bc6 Rb4 42. Kg2 Rc4 43. Kg3 Kg7 44. h4 Rc3+ 45. f3 1-0


[Site "https://www.chess.com"]

[Event "Titled Tuesday Blitz October 18 Late 2022"]
[White "Osmak, Yuliia"]
[Black "Remolar Gallen, Jose"]
[WhiteFideId "14101602"]
[BlackFideId "2215187"]
[WhiteElo "2610"]
[BlackElo "2467"]
[Result "1-0"]
[Round "05"]
[TimeControl "180+1"]
[Date "2022.10.19"]
[WhiteClock "0:01:15"]
[BlackClock "0:00:09"]

1. d4 Nf6 2. c4 g6 3. Nc3 Bg7 4. e4 d6 5. Nf3 O-O 6. Be2 e5 7. dxe5 dxe5 8. Qxd8 Rxd8 9. Nd5 Nxd5 10. cxd5 c6 11. Bc4 b5 12. Bb3 a5 13. Bg5 Rd7 14. Rc1 Ra6 15. Ke2 a4 16. dxc6 Nxc6 17. Bd5 Bb7 18. Rc5 h6 19. Be3 Nd4+ 20. Bxd4 exd4 21. Kd3 Rad6 22. Bxb7 Rxb7 23. Rhc1 g5 24. h3 Rdd7 25. Rd5 b4 26. Rxd7 Rxd7 27. Rc4 b3 28. a3 Ra7 29. e5 Bf8 30. Nxd4 f6 31. e6 Ra6 32. Rc8 Ra7 1-0


[Site "https://www.chess.com"]

[Event "Titled Tuesday Blitz October 18 Late 2022"]
[White "Ozates, Tuna"]
[Black "Papasimakopoulos, Alexandros"]
[WhiteFideId "6354521"]
[BlackFideId "4244125"]
[WhiteElo "2151"]
[BlackElo "2357"]
[Result "0-1"]
[Round "05"]
[TimeControl "180+1"]
[Date "2022.10.18"]
[WhiteClock "0:01:32"]
[BlackClock "0:01:28"]

1. e4 e6 2. d4 d5 3. exd5 exd5 4. Bd3 Nc6 5. c3 Bd6 6. Qf3 Nge7 7. Bf4 Bxf4 8. Qxf4 O-O 9. Ne2 Ng6 10. Qg3 Nce7 11. O-O Bf5 12. Nd2 Bxd3 13. Qxd3 c6 14. f4 f5 15. Nf3 Qd6 16. Ne5 Rad8 17. Kh1 Qf6 18. Ng1 Nc8 19. Rae1 Nd6 20. Nh3 Ne4 21. Nf2 Nxf4 22. Qe3 Ng6 23. Nxe4 dxe4 24. g4 Nxe5 25. Rxf5 Nxg4 26. Rxf6 Nxe3 27. Rxf8+ Rxf8 28. Rxe3 Rf2 29. Rxe4 Kf8 30. b4 Rxa2 31. h4 Rc2 32. Re3 g6 33. Kg1 Kf7 34. Kf1 Kf6 35. Ke1 Rh2 36. Re4 b6 37. Kd1 h6 38. Kc1 a5 39. bxa5 bxa5 40. c4 a4 41. d5 cxd5 42. cxd5 a3 43. Ra4 a2 0-1


[Site "https://www.chess.com"]

[Event "Titled Tuesday Blitz October 18 Late 2022"]
[White "Ozdemir, Serhan Berat"]
[Black "Ozalp, Burak"]
[WhiteFideId "6374611"]
[BlackFideId "6314210"]
[WhiteElo "2016"]
[BlackElo "2106"]
[Result "1-0"]
[Round "05"]
[TimeControl "180+1"]
[Date "2022.10.19"]
[WhiteClock "0:01:21"]
[BlackClock "0:00:20"]

1. e4 g6 2. d4 Bg7 3. Nc3 d6 4. Nf3 a6 5. Be3 b5 6. Bd3 Bb7 7. Qd2 Nd7 8. O-O c5 9. a4 b4 10. Ne2 cxd4 11. Bxd4 Bxd4 12. Nexd4 a5 13. Bb5 Rc8 14. e5 Bxf3 15. Nxf3 Kf8 16. e6 Nc5 17. exf7 Nf6 18. Qh6+ 1-0


[Site "https://www.chess.com"]

[Event "Titled Tuesday Blitz October 18 Late 2022"]
[White "Ozer, Omer Faruk"]
[Black "Ferreira, Vitor Hugo Vieira"]
[WhiteFideId "6354564"]
[BlackFideId "2119765"]
[WhiteElo "2260"]
[BlackElo "2168"]
[Result "1-0"]
[Round "05"]
[TimeControl "180+1"]
[Date "2022.10.19"]
[WhiteClock "0:01:05"]
[BlackClock "0:00:07"]

1. d4 d5 2. Nc3 Nf6 3. Bg5 e6 4. e4 Be7 5. e5 Nfd7 6. h4 a6 7. f4 c5 8. Nf3 Nc6 9. Qd2 b5 10. dxc5 Nxc5 11. Bxe7 Qxe7 12. Bd3 Bb7 13. Ne2 O-O 14. O-O-O Nxd3+ 15. cxd3 f6 16. Kb1 fxe5 17. fxe5 Qb4 18. Qxb4 Nxb4 19. Ned4 Rae8 20. Ng5 Nc6 21. Nxc6 Bxc6 22. Rc1 Bd7 23. Rc7 Bc8 24. Rhc1 h6 25. Nf3 a5 26. Nd4 b4 27. R1c6 Rf1+ 28. Kc2 Rff8 29. Nb5 Rd8 30. Re7 Bd7 31. Rc7 Rf7 32. Rxf7 Kxf7 33. Nd4 Kg6 34. g4 h5 35. g5 Bc8 36. Kd2 Rf8 37. Ke3 Ba6 38. Nxe6 Rf1 39. Rxg7+ Kf5 40. Rf7+ Kxe5 41. Rxf1 Kxe6 42. Rf6+ Ke7 43. Rxa6 1-0


[Site "https://www.chess.com"]

[Event "Titled Tuesday Blitz October 18 Late 2022"]
[White "P., Komal Kishore"]
[Black "Hemam, Moulaye Brahim"]
[WhiteFideId "5016703"]
[BlackFideId "19600054"]
[WhiteElo "2101"]
[BlackElo "2088"]
[Result "1/2-1/2"]
[Round "05"]
[TimeControl "180+1"]
[Date "2022.10.19"]
[WhiteClock "0:00:59"]
[BlackClock "0:01:40"]

1. e4 c5 2. Nf3 Nc6 3. Bb5 g6 4. O-O Bg7 5. c3 Nf6 6. e5 Nd5 7. d4 cxd4 8. cxd4 Nc7 9. Bd3 d6 10. exd6 Qxd6 11. Be3 Bg4 12. Nbd2 O-O 13. Rc1 Rad8 14. h3 Bxf3 15. Nxf3 Nxd4 16. Nxd4 Bxd4 17. Bxd4 Qxd4 18. Rxc7 Qxd3 19. Qxd3 Rxd3 20. Rxb7 Rd2 21. Rxe7 Rxb2 22. Rxa7 Re8 23. a4 Ree2 24. a5 Ra2 25. a6 Kg7 26. Ra8 Re6 27. a7 Rea6 28. g3 Rxa7 29. Rxa7 Rxa7 30. Kg2 h5 31. Rc1 g5 32. Rc6 f6 33. g4 hxg4 34. hxg4 Kg6 35. Kg3 Ra1 36. Rb6 Rg1+ 37. Kf3 Rh1 38. Kg2 Rh4 39. Kg3 Rh1 40. Rb7 Rg1+ 41. Kf3 Rc1 42. Rb6 1/2-1/2


[Site "https://www.chess.com"]

[Event "Titled Tuesday Blitz October 18 Late 2022"]
[White "Papp, Petra"]
[Black "Bjelobrk, Igor"]
[WhiteFideId "739049"]
[BlackFideId "4300726"]
[WhiteElo "2487"]
[BlackElo "2638"]
[Result "0-1"]
[Round "05"]
[TimeControl "180+1"]
[Date "2022.10.19"]
[WhiteClock "0:00:04"]
[BlackClock "0:00:04"]

1. d4 d5 2. c4 e6 3. Nf3 Nf6 4. g3 dxc4 5. Bg2 b5 6. O-O Bb7 7. a4 a6 8. b3 cxb3 9. Qxb3 Bd5 10. Qb2 b4 11. a5 c5 12. dxc5 Bxc5 13. Nbd2 O-O 14. Qc2 Nbd7 15. e4 Bb7 16. Bb2 Rc8 17. Qd3 Be7 18. Rfd1 Nc5 19. Qe2 Qd3 20. Qe1 Qb5 21. Bf1 Qc6 22. Rac1 Rfd8 23. Qe3 Qa4 24. Re1 Qxa5 25. Nc4 Qc7 26. e5 Nd5 27. Qe2 a5 28. Nd6 Bxd6 29. exd6 Qxd6 30. Nd4 Ba6 31. Qg4 Nf6 32. Qh4 Bxf1 33. Rxf1 Nd3 34. Rxc8 Rxc8 35. Ba1 Rc1 36. Qg5 Rxf1+ 37. Kxf1 Qe5 38. Qd2 Nc5 39. Qc2 Qd5 40. f3 h6 41. Ne2 a4 42. Kg2 a3 43. g4 b3 44. Qc3 b2 45. Bxb2 axb2 46. Qxb2 Qc4 47. Ng3 Nd5 48. Qb8+ Kh7 49. Qe5 Nf4+ 0-1


[Site "https://www.chess.com"]

[Event "Titled Tuesday Blitz October 18 Late 2022"]
[White "Paravyan, David"]
[Black "Zeynalli, Rashad"]
[WhiteFideId "4194985"]
[BlackFideId "13403320"]
[WhiteElo "2555"]
[BlackElo "2125"]
[Result "1-0"]
[Round "05"]
[TimeControl "180+1"]
[Date "2022.10.18"]
[WhiteClock "0:00:04"]
[BlackClock "0:00:03"]

1. e4 e5 2. Nf3 Nc6 3. Nc3 Nf6 4. d4 exd4 5. Nxd4 Nxe4 6. Nxe4 Qe7 7. Bd3 Nxd4 8. O-O d5 9. Bc4 dxe4 10. Qxd4 Be6 11. Qxe4 O-O-O 12. Be3 Bxc4 13. Qxc4 Qe6 14. Qxe6+ fxe6 15. Rfd1 Be7 16. Kf1 Bf6 17. Rxd8+ Rxd8 18. Rb1 Bd4 19. Ke2 Bxe3 20. Kxe3 Rd5 21. Re1 Kd7 22. Re2 e5 23. Rd2 Ke6 24. Rxd5 Kxd5 25. f3 b5 26. h4 h5 27. g4 g6 28. c3 a5 29. b3 c5 30. Kd3 c4+ 31. bxc4+ bxc4+ 32. Ke3 Kd6 33. Ke4 Ke6 34. a4 Kf6 35. gxh5 gxh5 36. f4 exf4 37. Kxf4 Ke6 38. Kg5 Ke5 39. Kxh5 Ke4 40. Kg4 Kd3 41. h5 Kxc3 42. h6 Kd2 43. h7 c3 44. h8=Q c2 45. Qd4+ Kc1 46. Qa1+ Kd2 47. Qa2 Kc3 48. Qa3+ Kd2 49. Qd6+ Kc1 50. Qb6 Kd1 51. Qd8+ Ke2 52. Qc7 Kd1 53. Qd7+ Kc1 54. Qb5 Kd1 55. Qd5+ Ke2 56. Qc5 Kd1 57. Qd4+ Kc1 58. Qb6 Kd1 59. Qd8+ Ke2 60. Qc7 Kd1 61. Qd7+ Kc1 62. Qb5 Kd1 63. Kf3 1-0


[Site "https://www.chess.com"]

[Event "Titled Tuesday Blitz October 18 Late 2022"]
[White "Pasti, Aron"]
[Black "Melikyan, Gnel"]
[WhiteFideId "785857"]
[BlackFideId "54109990"]
[WhiteElo "2489"]
[BlackElo "2652"]
[Result "0-1"]
[Round "05"]
[TimeControl "180+1"]
[Date "2022.10.19"]
[WhiteClock "0:00:11"]
[BlackClock "0:02:04"]

1. e4 c6 2. d4 d5 3. Nc3 dxe4 4. Nxe4 Nf6 5. Nxf6+ exf6 6. c3 Bd6 7. Bd3 O-O 8. Ne2 Re8 9. O-O Nd7 10. Qc2 Nf8 11. Ng3 Qc7 12. f4 Bd7 13. Bd2 h6 14. Rf3 Re7 15. f5 Rae8 16. Raf1 Nh7 17. Kh1 Ng5 18. Bxg5 hxg5 19. Ne4 Bxh2 20. Rh3 Bf4 21. Qe2 Bxf5 22. Re3 Bxe3 23. Nxf6+ gxf6 24. Bxf5 Qg3 25. Rf3 Bf4 26. Bh7+ Kg7 0-1


[Site "https://www.chess.com"]

[Event "Titled Tuesday Blitz October 18 Late 2022"]
[White "Pavlidou, Ekaterini"]
[Black "Gonzalez Vega, Alejandro"]
[WhiteFideId "4213262"]
[BlackFideId "3510042"]
[WhiteElo "2125"]
[BlackElo "2261"]
[Result "1-0"]
[Round "05"]
[TimeControl "180+1"]
[Date "2022.10.19"]
[WhiteClock "0:00:49"]
[BlackClock "0:00:01"]

1. d4 d5 2. c4 e6 3. Nc3 Nf6 4. cxd5 exd5 5. Bg5 Nbd7 6. e3 c6 7. Bd3 Be7 8. Nge2 O-O 9. Qc2 Re8 10. f3 Nf8 11. O-O-O Be6 12. f4 Rc8 13. h3 c5 14. f5 Bd7 15. dxc5 Rxc5 16. g4 b5 17. a3 a5 18. b4 axb4 19. axb4 Rc8 20. Qb3 h6 21. Bf4 Qb6 22. Kb1 Rc4 23. Bxc4 bxc4 24. Qb2 Bxb4 25. Na2 Bc5 26. Qxb6 Bxb6 27. Nd4 Ne4 28. Rh2 Ba4 29. Rc1 Ba5 30. Rb2 Nd2+ 31. Ka1 Ra8 32. Rb8 Rxb8 33. Bxb8 Nd7 34. Bd6 Ne4 35. Bb4 Bb6 36. Nc3 Bxd4 37. exd4 Bc6 38. Nxe4 dxe4 39. Rxc4 Bd5 40. Rc8+ Kh7 41. Bd2 Nf6 42. Be3 g6 43. fxg6+ Kxg6 44. Rd8 h5 45. Rd6 hxg4 46. hxg4 Be6 47. g5 Nd5 48. Bd2 e3 49. Be1 Kf5 50. Kb2 Kxg5 51. Kc2 Kf5 52. Kd3 Kf4 53. Ra6 Kf3 54. Ra3 Bf5+ 55. Kc4 Be4 56. Bd2 f5 57. Bxe3 Nxe3+ 58. Kc5 Ke2 59. Kd6 f4 60. Ke5 Bg2 61. Kxf4 Nd5+ 62. Ke5 Ne3 63. Ra2+ Kf3 64. Ra3 Ke2 65. Kf4 Bd5 66. Rxe3+ Kd2 67. Rg3 1-0


[Site "https://www.chess.com"]